 Dungeon Crawl Stone Soup version 0.31-a0-473-g61b50ae490 (webtiles) character file.

Game seed: 12407321109996401955

2866 avis the Nimble (level 9, -3/40 HPs)
             Began as a Felid Shapeshifter on Aug 6, 2023.
             Was an Initiate of Gozag.
             Slain by Joseph
             ... wielding a +0 quarterstaff
              (13 damage)
             ... on level 7 of the Dungeon.
             The game lasted 00:44:00 (8301 turns).

avis the Nimble (Felid Shapeshifter)                Turns: 8301, Time: 00:44:01

Health: -3/40      AC:  2    Str: 14    XL:     9   Next: 47%
Magic:  10/10      EV: 29    Int: 13    God:    Gozag
Gold:   755        SH:  0    Dex: 20    Spells: 8/8 levels left
                                        Lives:  0   Deaths: 2

rFire   . .          .
                       - Unarmed
rCold   . . .        (shield unavailable)
rNeg    + . .        (body armour unavailable)
rPois   .            (helmet unavailable)
rElec   .            (cloak unavailable)
rCorr   .            (gloves unavailable)
SInv    +            (boots unavailable)
Will    +....        p - amulet of the Mutiny {Acrobat Str+3 Int+3}
Stlth   +++          c - ring of positive energy
HPRegen 0.26/turn    (no ring)
MPRegen 0.12/turn

%: acrobat
@: beast-form, quick
A: beast (slay +2), very small, claws 1, fangs 3, see invisible, speed 1, shaggy
fur 2, stealthy paws, no weapons or thrown items, no armour, multi-lived
a: Begin Untransformation, Renounce Religion, Potion Petition, Call Merchant,
Bribe Branch


You were on level 7 of the Dungeon.
You worshipped Gozag.
Gozag was pleased with you.
You were a hulking beast.
You visited 2 branches of the dungeon, and saw 8 of its levels.
You also visited: Sewer and Ossuary.

You collected 799 gold pieces.
You paid 44 gold pieces to Gozag.

Inventory:

Jewellery
 c - a ring of positive energy (left paw)
 p - the amulet of the Mutiny (around neck) {Acrobat Str+3 Int+3}
   (You took it off an orc on level 4 of the Dungeon)

   [amulet of the acrobat]

   It increases your evasion while moving and waiting.
   Str:       It affects your strength (+3).
   Int:       It affects your intelligence (+3).
 q - a ring of ice
Talismans
 b - a beast talisman (active)
 w - a blade talisman
Wands
 l - a wand of flame (23)
 u - a wand of roots (1)
Scrolls
 f - 2 scrolls of identify {unknown}
 g - 8 scrolls of teleportation {unknown}
 h - a scroll of enchant weapon {unknown}
 j - a scroll of vulnerability {unknown}
 n - a scroll of fear {unknown}
 r - 2 scrolls of enchant armour {unknown}
 s - 3 scrolls of immolation {unknown}
 t - a scroll of amnesia {unknown}
 x - a scroll of revelation {unknown}
 y - a scroll of fog {unknown}
 B - a scroll of poison {unknown}
Potions
 a - a potion of lignification
 d - a potion of attraction {unknown}
 e - 5 potions of heal wounds {unknown}
 i - a potion of mutation {unknown}
 k - 2 potions of haste {unknown}
 m - 3 potions of might {unknown}
 o - 4 potions of curing
 v - 3 potions of brilliance {unknown}
 z - 2 potions of invisibility {unknown}
 A - a potion of resistance {unknown}


   Skills:
 - Level 5.0 Fighting
 + Level 14.5 Dodging
 - Level 4.0 Stealth
 * Level 6.4 Unarmed Combat
 - Level 3.2 Shapeshifting


You had 8 spell levels left.
You didn't know any spells.
Your spell library contained the following spells:

 Spells                   Type           Power      Damage    Failure   Level
 Ensorcelled Hibernation  Hex/Ice        0%         N/A       43%         2
 Passwall                 Tmut/Erth      0%         N/A       43%         2
 Static Discharge         Conj/Air       0%         2-2/arc   43%         2
 Inner Flame              Hex/Fire       0%         N/A       67%         3
 Swiftness                Air            0%         N/A       67%         3
 Vhi's Electric Charge    Tloc/Air       0%         N/A       67%         3
 Airstrike                Air            0%         2d(0-16)  97%         4
 Anguish                  Hex/Necr       0%         N/A       97%         4
 Cause Fear               Hex            0%         N/A       97%         4
 Flame Wave               Conj/Fire      0%         2d4       97%         4
 Passage of Golubria      Tloc           0%         N/A       97%         4
 Sticky Flame             Conj/Fire      0%         2d3       97%         4
 Summon Lightning Spire   Summ/Air       0%         N/A       97%         4
 Arcjolt                  Conj/Air       0%         1d10      100%        5
 Silence                  Hex/Air        0%         N/A       100%        5
 Enfeeble                 Hex            0%         N/A       100%        7
 Lehudib's Crystal Spear  Conj/Erth      0%         10d2      100%        8
 Maxwell's Capacitive Co  Air            0%         ∞         100%        8


Dungeon Overview and Level Annotations

Branches:
Dungeon (7/15)             Temple (1/1) D:4           Sewer (visited)
Ossuary (visited)

Altars:
Ashenzari
Cheibriados
Dithmenos
Elyvilon
Fedhas
Gozag
Hepliaklqana
Kikubaaqudgha
Makhleb
Nemelex Xobeh
Okawaru
Qazlal
Ru
Sif Muna
Trog
Uskayaw
Vehumet
Wu Jian
Xom
Yredelemnul
Zin
The Shining One

Shops:
D:4 **

Portals:
Abyss: D:6

Annotations:
D:3 3 runed translucent doors, HallandMoats's ghost, amateur DsFi; Ijyb; Sigmund
D:4 1 runed translucent door, Crazy Yiuf
D:6 2 transporters, wormstring's ghost, amateur FeSh
D:7 Joseph


Innate Abilities, Weirdness & Mutations

You are a hulking beast.
Your limbs bulge with bestial killing power. (Slay +2)
You have sharp claws.
You have razor-sharp teeth.
You have supernaturally acute eyesight. (SInv)
You cover ground quickly. (Speed+)
You are covered in thick fur. (AC +2)
Your paws help you pounce on unaware monsters.
You are incapable of wielding weapons or throwing items.
You cannot wear armour.
You gain extra lives every three experience levels.


Message History

You scratch the wight but do no damage.
The wight is heavily damaged.
Joseph says, "It's nothing personal, but I have to kill you."
You claw the wight!
You destroy the wight!
Joseph shoots a sling bullet.
The sling bullet completely misses you.
Joseph unwields a +1 sling of freezing.
Joseph wields a +0 quarterstaff.
Joseph hits you with a +0 quarterstaff!
Things that are here:
15 gold pieces; a +0 hand axe; a +0 robe You scratch Joseph.
You bite Joseph, but do no damage.
Joseph is lightly wounded.
Joseph misses you.
You claw Joseph!
Joseph is moderately wounded.
Joseph closely misses you.
You scratch Joseph.
Joseph is moderately wounded.
You closely miss Joseph. You claw Joseph, but do no damage.
Joseph is moderately wounded.
Joseph completely misses you.
You scratch Joseph.
Joseph is moderately wounded.
Joseph barely misses you.
You claw Joseph!
Joseph is heavily wounded.
Joseph completely misses you.
You claw Joseph!
Joseph is severely wounded.
Joseph completely misses you.
You claw Joseph! You claw Joseph.
Joseph is almost dead.
Joseph hits you with a +0 quarterstaff!
* * * LOW HITPOINT WARNING * * *
You feel better. Joseph closely misses you.
You claw Joseph!
Joseph is almost dead.
Joseph hits you with a +0 quarterstaff!
You die...
Your body crumbles into a pile of gold.

####....#.......................
........#......)......).....z...
#######.#####..##.##########....z
#.# ##..#.# #.# ##...# #.# ##..#
#zz# #@## #h# #.# #.# #.# ..# ###


You could see Joseph and 2 wights.

Vanquished Creatures
  Pikel (D:5)
  A wyvern (D:6)
  A golden eye (D:7)
  Eustachio (D:4)
  An orc warrior (D:5)
  3 ice beasts
  A black bear (D:6)
  A sky beast (D:7)
  An ogre (D:4)
  A centaur (D:6)
  A phantom (D:5)
  4 bullfrogs
  2 scorpions
  A wight (D:7)
  15 killer bees
  A centaur zombie (Ossuary)
  2 orc priests
  A hound (D:3)
  A human zombie (Ossuary)
  A jelly (D:6)
  A sleepcap (D:5)
  An iguana (D:6)
  3 orc wizards (D:4)
  4 mummies (Ossuary)
  11 adders
  A shadow imp (D:7)
  2 white imps (D:6)
  3 dart slugs
  21 orcs
  9 ball pythons
  6 bats
  5 endoplasms
  8 giant cockroaches
  6 goblins
  9 hobgoblins
  2 jackals (D:1)
  5 kobolds
  10 quokkas
  13 frilled lizards
  A gnoll zombie (Ossuary)
  A goblin zombie (Ossuary)
  A hobgoblin zombie (Ossuary)
  2 kobold zombies (Ossuary)
  An orc zombie (Ossuary)
  4 rats
171 creatures vanquished.

Vanquished Creatures (others)
  An orc (D:6)
1 creature vanquished.

Grand Total: 172 creatures vanquished

Notes
Turn   | Place    | Note
-------+----------+-------------------------------------------
     0 | D:1      | avis the Felid Shapeshifter began the quest for the Orb.
     0 | D:1      | Reached XP level 1. HP: 9/9 MP: 2/2
   173 | D:1      | Reached skill level 3 in Dodging
   250 | D:1      | Reached XP level 2. HP: 12/12 MP: 3/3
   528 | D:1      | Reached skill level 4 in Dodging
   892 | D:2      | Reached XP level 3. HP: 15/16 MP: 4/4
  1296 | D:2      | Reached XP level 4. HP: 19/19 MP: 5/5
  1373 | D:2      | Reached skill level 5 in Dodging
  1620 | D:3      | Noticed HallandMoats's ghost (amateur DsFi)
  1620 | D:3      | Found a runed translucent gate.
  1620 | D:3      | Found a runed translucent gate.
  1620 | D:3      | Found a runed translucent gate.
  1933 | D:3      | Reached skill level 1 in Stealth
  2024 | D:3      | Noticed Ijyb
  2251 | D:3      | Noticed Sigmund
  2790 | D:3      | Reached XP level 5. HP: 11/23 MP: 6/6
  2791 | D:3      | Slain by an orc
  2792 | D:3      | Reached XP level 4. HP: 0/20 MP: 5/5
  2891 | D:4      | Reached skill level 6 in Dodging
  2951 | D:4      | Found a glowing drain.
  2958 | Sewer    | Entered a sewer
  3193 | Sewer    | Noticed a bullfrog
  3193 | Sewer    | Noticed a bullfrog
  3200 | Sewer    | Killed a bullfrog
  3201 | Sewer    | Reached skill level 7 in Dodging
  3201 | Sewer    | Reached XP level 5. HP: 17/24 MP: 6/6
  3407 | D:4      | Gained mutation: You are covered in thick fur. (AC +2)
                  | [Felid growth]
  3407 | D:4      | Reached XP level 6. HP: 28/28 MP: 7/7
  3478 | D:4      | Reached skill level 8 in Dodging
  3673 | D:4      | Found a staircase to the Ecumenical Temple.
  3681 | Temple   | Entered the Ecumenical Temple
  3756 | Temple   | Became a worshipper of Gozag Ym Sagoz the Greedy
  4045 | D:4      | Reached XP level 7. HP: 29/31 MP: 8/8
  4061 | D:4      | Found a radiant altar of Vehumet.
  4099 | D:4      | Found Ofol Puin's General Store.
  4104 | D:4      | Found Bionoppo's Specific Store.
  4202 | D:4      | Found a runed translucent door.
  4203 | D:4      | Noticed Crazy Yiuf
  4254 | D:5      | Entered Level 5 of the Dungeon
  4254 | D:5      | Noticed Eustachio
  4273 | D:4      | Reached skill level 9 in Dodging
  4367 | D:4      | Killed Eustachio
  4480 | D:4      | Identified the amulet of the Mutiny {Acrobat Str+3 Int+3}
  4680 | D:5      | Reached skill level 10 in Dodging
  4801 | D:5      | Slain by a killer bee
  4802 | D:5      | Reached XP level 6. HP: 0/28 MP: 7/7
  4975 | D:5      | Noticed an ice beast
  4987 | D:5      | Killed an ice beast
  4988 | D:5      | Reached XP level 7. HP: 12/31 MP: 8/8
  5306 | D:5      | Reached skill level 5 in Unarmed Combat
  5530 | D:5      | Noticed Pikel
  5742 | D:5      | Killed Pikel
  5743 | D:5      | Reached skill level 12 in Dodging
  5743 | D:5      | Reached XP level 8. HP: 10/36 MP: 9/9
  6255 | D:6      | Found a transporter.
  6262 | D:6      | Found a transporter.
  6271 | D:6      | Reached skill level 5 in Fighting
  6271 | D:6      | Reached skill level 13 in Dodging
  6327 | D:6      | Found an ornate altar of the Wu Jian Council.
  6330 | D:6      | Identified the +1 helmet "Jeug" {rPois Will+}
  6384 | D:6      | Found a white marble altar of Elyvilon.
  6385 | D:6      | Found a blossoming altar of Fedhas.
  6385 | D:6      | Found a hide-covered altar of Uskayaw.
  7048 | D:6      | Noticed wormstring's ghost (amateur FeSh)
  7050 | D:6      | Found a one-way gate to the infinite horrors of the Abyss.
  7397 | D:7      | a steam dragon changed into a rime drake
  7397 | D:7      | Noticed a rime drake
  7441 | D:7      | a rime drake changed into a golden eye
  7480 | D:7      | Reached XP level 9. HP: 35/40 MP: 10/10
  7522 | D:7      | Reached skill level 14 in Dodging
  7536 | D:7      | Noticed Joseph
  7625 | D:7      | Found a sand-covered staircase.
  7636 | Ossuary  | Entered an ossuary
  8299 | D:7      | HP: 1/40 [Joseph/+0 quarterstaff (13)]
  8301 | D:7      | Slain by Joseph

Illustrated notes

Levels and vault maps discovered:
D:1:      dpeg_cavernosity, layout_basic
D:2:      layout_rooms, mrwooster_statue_mirror
D:3:      layout_basic, gammafunk_ghost_necromancy, kennysheep_path_1,
          uniq_sigmund, uniq_ijyb
D:4:      layout_rooms, nicolae_vehumet_altar_sigil, temple_doors_cd,
          gup_sewer_entry_pipe, nicolae_specific_store, uniq_crazy_yiuf_cottage
D:5:      layout_cave_pods, uniq_pikel, uniq_eustachio
D:6:      layout_basic, mainiacjoe_overflow_alcove_3,
          gammafunk_ghost_abyssal_escape, nicolae_twisty_statue_hallways
D:7:      layout_basic, nicolae_ossuary_entry_plus, uniq_joseph, uniq_maggie
Temple:   minmay_temple_bridge_d

Skill      XL: |  1  2  3  4  5  6  7  8  9 |
---------------+----------------------------+-----
Dodging        | 3 4 7 8 12 13 14 | 14.5
Fighting       | 2 3 4 5 |  5.0
Stealth        | 2 3 4 |  4.0
Unarmed Combat | 5 6 |  6.4
Shapeshifting  | |  3.2

Action                     |  1- 3 |  4- 6 |  7- 9 || total
---------------------------+-------+-------+-------++-------
  Melee: Unarmed           |    76 |   185 |   324 ||   585
         Bite              |     7 |    19 |    40 ||    66
         Punch             |     2 |     1 |    18 ||    21
  Evoke: Wand              |       |       |    12 ||    12
    Use: Potion            |     2 |     1 |     2 ||     5
   Stab: Sleeping          |     1 |     7 |     9 ||    17
         Distracted        |       |       |     1 ||     1
 Armour: Skin              |     2 |     4 |     5 ||    11
  Dodge: Dodged            |    57 |   159 |   326 ||   542

Table legend: (Time is in decaauts)
 A = Elapsed time spent in this place.
 B = Non-inter-level travel time spent in this place.
 C = Inter-level travel time spent in this place.
 D = Time resting spent in this place.
 E = Time spent auto-exploring this place.
 F = Levels seen in this place.
 G = Mean time per level.
                   A        B        C        D        E       F      G
               +--------+--------+--------+--------+--------+-----+--------+
         Total |   7181 |   6329 |    852 |   1223 |   2550 |  10 |  718.1 |
       Dungeon |   6311 |   5577 |    734 |   1113 |   2463 |   7 |  901.6 |
        Temple |    122 |      4 |    118 |      0 |      0 |   1 |  122.0 |
         Sewer |    463 |    463 |      0 |     32 |     87 |   1 |  463.0 |
       Ossuary |    283 |    283 |      0 |     78 |      0 |   1 |  283.0 |
               +--------+--------+--------+--------+--------+-----+--------+

Top non-repeatable levels by time:
     D:5: 1383 daAuts
     D:4: 1073 daAuts
     D:3: 977 daAuts
     D:6: 908 daAuts
     D:1: 713 daAuts
     D:2: 705 daAuts
     D:7: 550 daAuts
   Sewer: 463 daAuts
 Ossuary: 283 daAuts
  Temple: 122 daAuts
